 Dungeon Crawl Stone Soup version 0.31-a0-1068-g5939ac1fb6 (webtiles) character file.

Game seed: 14500593545541008120

213 Maratek the Sneak (level 5, -2/45 HPs)
             Began as a Draconian Brigand on Nov 23, 2023.
             Slain by Grinder (8 damage)
             ... while paralysed by Grinder
             ... on level 3 of the Dungeon.
             The game lasted 00:07:07 (2935 turns).

Maratek the Sneak (Draconian Brigand)               Turns: 2935, Time: 00:07:07

Health: -2/45      AC:  8    Str: 13    XL:     5   Next: 59%
Magic:  5/5        EV:  2    Int: 11    God:
Gold:   114        SH:  0    Dex: 15    Spells: 4/4 levels left

rFire   . . .        h - +1 short sword (venom)
rCold   + . .        (no shield)
rNeg    . . .        (body armour unavailable)
rPois   .            (helmet restricted)
rElec   .            b - +0 cloak
rCorr   .            (no gloves)
SInv    +            p - +1 pair of boots {Stlth+}
Will    .....        (no amulet)
Stlth   ++++         i - ring of protection from cold
HPRegen 0.27/turn    n - ring of see invisible
MPRegen 0.09/turn

%: no passive effects
@: paralysed
A: AC +5, unfitting armour, cold-blooded
a: no special abilities


You were on level 3 of the Dungeon.
You visited 1 branch of the dungeon, and saw 3 of its levels.

You collected 114 gold pieces.

Inventory:

Hand Weapons
 h - a +1 short sword of venom (weapon)
Missiles
 d - 2 curare-tipped darts (quivered)
Armour
 b - a +0 cloak (worn)
 p - a +1 pair of boots of stealth (worn)
Jewellery
 i - a ring of protection from cold (left hand)
 n - a ring of see invisible (right hand)
Scrolls
 g - a scroll of fear {unknown}
 l - 3 scrolls of brand weapon
Potions
 e - a potion of lignification {unknown}
 j - a potion of mutation {unknown}
 k - 2 potions of haste {unknown}
 m - 2 potions of curing {unknown}


   Skills:
 + Level 3.4 Fighting
 + Level 3.1 Short Blades
 + Level 2.8 Throwing
 + Level 2.3 Dodging
 + Level 4.4 Stealth


You had 4 spell levels left.
You didn't know any spells.
Your spell library contained the following spells:

 Spells                   Type           Power      Damage    Failure   Level
 Slow                     Hex            0%         N/A       34%         1
 Confusing Touch          Hex            0%         N/A       71%         3
 Sigil of Binding         Hex            0%         N/A       71%         3
 Vampiric Draining        Necr           0%         2d6       71%         3


Dungeon Overview and Level Annotations

Branches:
Dungeon (3/15)

Altars:

Shops:
D:2 (

Annotations:
D:3 3 runed translucent doors, Grinder; rocker's ghost, weakling DgGl


Innate Abilities, Weirdness & Mutations

Your plain brown scales are hard. (AC +5)
You cannot fit into any form of body armour.
You are cold-blooded and may be slowed by cold attacks.


Message History

You throw a poisoned dart. The poisoned dart hits Grinder.
Unknown command.
Throw: 4 darts (poison)
Press: ? - help, Q - select action, (/) - cycle Shift-Dir - straight line, f/p - Grinder
Aim: Grinder (53% to hit)
You throw a poisoned dart.
The poisoned dart barely misses Grinder.
Grinder gestures at you. You resist with significant effort.
Throw: 3 darts (poison)
Press: ? - help, Q - select action, (/) - cycle Shift-Dir - straight line, f/p - Grinder
Aim: Grinder (53% to hit)
You throw a poisoned dart.
The poisoned dart closely misses Grinder.
Grinder gestures at you.
You barely resist.
Throw: 2 darts (poison)
Press: ? - help, Q - select action, (/) - cycle Shift-Dir - straight line, f/p - Grinder
Aim: Grinder (53% to hit)
You throw a poisoned dart. The poisoned dart hits Grinder.
Grinder is poisoned.
Unknown command.
Throw: dart (poison)
Press: ? - help, Q - select action, (/) - cycle Shift-Dir - straight line, f/p - Grinder
Aim: Grinder (lightly wounded, poisoned, 53% to hit)
You throw a poisoned dart. The poisoned dart hits Grinder.
Grinder is lightly wounded.
Grinder hits you!
* * * LOW HITPOINT WARNING * * *
You writhe in agony.
* * * LOW HITPOINT WARNING * * *
Throw: 3 darts (curare)
Press: ? - help, Q - select action Shift-Dir - straight line, p - Grinder You throw a curare-tipped dart.
Grinder gestures at you.
You suddenly lose the ability to move!
Grinder blinks!
Grinder hits you but does no damage.
Grinder looks more healthy.
Grinder hits you!
You die...
Grinder says, "Now the real fun starts!"

...####.....#
#########.....#
............#
..# #.....#
#############
#.# ###.### #
#.# #.# #.# #
#.# #.### #.#
####.# #..(###
#.# ...(.#
#.(..[# #.#
######
#.....########.#
#
#@...())(....(.#
#
#5...)##########
# #.....#
#######


You could see Grinder.

Vanquished Creatures
  2 orc wizards (D:3)
  3 gnolls (D:3)
  6 adders
  A dart slug (D:3)
  4 orcs (D:3)
  8 endoplasms
  4 giant cockroaches
  10 goblins
  3 hobgoblins
  2 jackals (D:3)
  7 kobolds
  4 quokkas
  8 ball pythons
  6 bats
  6 frilled lizards
  2 rats
76 creatures vanquished.

Notes
Turn   | Place    | Note
-------+----------+-------------------------------------------
     0 | D:1      | Maratek the Draconian Brigand began the quest for the Orb.
     0 | D:1      | Reached XP level 1. HP: 17/17 MP: 1/1
   138 | D:1      | Reached skill level 1 in Dodging
   303 | D:1      | Reached XP level 2. HP: 23/25 MP: 2/2
  1042 | D:2      | You fall into a shaft and drop 1 floor!
  1108 | D:3      | Reached XP level 3. HP: 30/30 MP: 3/3
  1146 | D:3      | Found a runed translucent gate.
  1146 | D:3      | Found a runed translucent gate.
  1148 | D:3      | Found a runed translucent gate.
  1156 | D:3      | Noticed rocker's ghost (weakling DgGl)
  1210 | D:2      | Reached skill level 4 in Stealth
  1257 | D:2      | Reached XP level 4. HP: 37/37 MP: 4/4
  1291 | D:2      | Found Tonor's Weapon Boutique.
  2253 | D:3      | Reached XP level 5. HP: 45/45 MP: 5/5
  2892 | D:3      | Noticed Grinder
  2931 | D:3      | Paralysed by Grinder for 5 turns
  2935 | D:3      | Slain by Grinder

Illustrated notes

Levels and vault maps discovered:
D:1:      co_arrival_square_in_a_square_in_a_square, layout_loops_corners
D:2:      layout_loops_cross, serial_shops, nicolae_shop_bloodbath_and_beyond
D:3:      minmay_recursive_quarters, layout_loops_ring,
          ebering_ghost_rock_garden, guppyfry_early_lair_pool, uniq_grinder

Skill      XL: |  1  2  3  4  5 |
---------------+----------------+-----
Dodging        | 1 2 |  2.3
Throwing       | 2 |  2.8
Stealth        | 4 |  4.4
Fighting       | 3 |  3.4
Short Blades   | 3 |  3.1

Action                     |  1- 3 |  4- 6 || total
---------------------------+-------+-------++-------
  Melee: Dagger            |    15 |       ||    15
         Tailslap          |     3 |    12 ||    15
         Short sword       |    40 |    93 ||   133
         Punch             |       |     1 ||     1
  Throw: Dart              |    54 |    61 ||   115
    Use: Scroll            |     2 |     7 ||     9
         Potion            |       |     1 ||     1
   Stab: Sleeping          |     5 |     9 ||    14
 Armour: Skin              |    28 |    63 ||    91
  Dodge: Dodged            |    31 |    66 ||    97

Table legend: (Time is in decaauts)
 A = Elapsed time spent in this place.
 B = Non-inter-level travel time spent in this place.
 C = Inter-level travel time spent in this place.
 D = Time resting spent in this place.
 E = Time spent auto-exploring this place.
 F = Levels seen in this place.
 G = Mean time per level.
                   A        B        C        D        E       F      G
               +--------+--------+--------+--------+--------+-----+--------+
         Total |   2906 |   2743 |    163 |    127 |   2102 |   3 |  968.7 |
       Dungeon |   2906 |   2743 |    163 |    127 |   2102 |   3 |  968.7 |
               +--------+--------+--------+--------+--------+-----+--------+

Top non-repeatable levels by time:
     D:3: 1148 daAuts
     D:1: 963 daAuts
     D:2: 794 daAuts
